Map: Frozen Temple

Players

Gracz - Winner!

  • Race: Zerg Zerg
  • League: Silver

Maverick

  • Race: Terran Terran
  • League: Bronze

VOD

Have the link to the VOD?

Description

Time

  • Played on: Oct. 10, 2016, 12:38 p.m.
  • Length: 10:55
Show
View Real Time Build Order
Export as new Build Order

Gracz Zerg - Winner!

Build Orders: Pool First 

Get SALT Encoding   

  12  0:02  Drone  
  13  0:26  Drone  
  14  0:32  Spawning Pool  
  13  1:08  Hatchery  
  12  1:18  Zergling x4  
  12  1:21  Overlord  
  14  1:36  Extractor  
  13  1:51  Roach Warren  
  13  1:52  Drone  
  13  1:53  Drone x2  
  15  2:07  Drone  
  16  2:20  Queen  
  16  2:22  Zergling x2  
  18  2:37  Roach  
  20  2:45  Roach  
  21  2:54  Roach  
  23  3:20  Roach x2  
  27  3:39  Overlord x2  
  22  4:04  Roach x2  
  22  4:05  Roach, Queen  
  30  4:18  Roach x3  
  34  4:59  Zergling x4, Drone  
  31  5:16  Spine Crawler  
  20  5:42  Queen  
  20  5:44  Roach  
  20  5:45  Roach x2  
  18  6:26  Roach x3  
  22  6:41  Drone x3  
  23  6:52  Queen  
  23  6:54  Roach  
  27  6:58  Spine Crawler  
  27  7:00  Spine Crawler  
  25  7:04  Spine Crawler  
  24  7:16  Roach x2  
  20  8:06  Roach x3  
  20  8:08  Lair  
  20  8:10  Extractor  
  23  8:20  Queen  
  23  8:22  Roach  
  25  8:46  Roach x2  
  27  9:16  Roach x3  
  33  9:17  Queen  
  29  9:56  Roach  
  29  9:57  Roach x2  
  21  10:16  Roach  
Show
View Real Time Build Order
Export as new Build Order

Maverick Terran 

Build Orders:  

Get SALT Encoding   

  12  0:18  Supply Depot  
  12  0:19  SCV  
  13  0:31  SCV  
  14  0:41  Barracks  
  14  0:52  Supply Depot  
  14  1:13  SCV  
  14  1:15  Supply Depot  
  15  1:26  Refinery  
  15  1:30  Refinery, SCV  
  16  1:33  Marine  
  17  1:42  Engineering Bay, SCV  
  18  1:51  Marine  
  20  1:54  SCV  
  20  2:06  SCV  
  21  2:08  Marine  
  22  2:36  Marine  
  23  2:47  Missile Turret  
  21  2:54  Marine  
  19  3:07  Factory  
  19  3:10  Planetary Fortress  
  16  3:46  Supply Depot  
  14  4:13  Marine  
  15  4:28  Supply Depot  
  15  4:31  Marine  
  14  4:49  Marine  
  14  5:06  Marine  
  15  5:21  Hellion  
  15  5:24  Marine  
  17  5:32  Supply Depot  
  17  5:42  Marine  
  18  5:43  Hellion  
  18  6:00  Marine  
  18  6:04  Hellion  
  15  6:23  Marine  
  17  6:26  Hellion  
  14  6:41  Marine  
  17  6:47  Hellion  
  17  6:59  Marine  
  18  7:17  Marine  
  19  7:29  Hellion  
  19  7:34  Marine  
  17  7:38  Supply Depot  
  17  7:50  Hellion  
  13  8:06  Marine  
  13  8:12  Hellion  
  16  8:24  Marine  
  14  8:42  Marine, Factory Tech Lab  
  14  8:48  SCV  
  13  9:00  Marine, SCV  
  15  9:03  Siege Tank  
  18  9:12  SCV  
  18  9:18  Marine  
  18  9:35  Marine  
  11  10:00  Marine  
  7  10:18  Marine  
  2  10:35  Marine  
Tags
 
Add a new tag
Caveats
  • Supply blocks, unpowered buildings, or Contaminate may cause inaccurate times.
  • Supply counts are checked every 10 seconds.